 Dungeon Crawl Stone Soup version 0.28.0-53-g5a82cb258f (webtiles) character file.

Game seed: 16332291012531817210

57 hawla the Chiller (level 3, -1/19 HPs)
             Began as a Deep Elf Ice Elementalist on June 7, 2022.
             Slain by Jessica
             ... wielding a +0 dagger
              (3 damage)
             ... on level 2 of the Dungeon.
             The game lasted 00:04:24 (1740 turns).

hawla the Chiller (Deep Elf Ice Elementalist)       Turns: 1740, Time: 00:04:25

Health: -1/19      AC:  3    Str:  7    XL:     3   Next: 73%
Magic:  0/10       EV: 13    Int: 19    God:
Gold:   43         SH:  0    Dex: 15    Spells: 5/9 levels left

rFire   . . .      SeeInvis .   (no weapon)
rCold   . . .      Faith    .   (no shield)
rNeg    . . .      Spirit   .   a - +0 robe
rPois   .          Reflect  .   (no helmet)
rElec   .          Harm     .   (no cloak)
rCorr   .          Rampage  .   (no gloves)
Will    .....                   h - +0 pair of boots
Stlth   ++........              (no amulet)
HPRegen 0.06/turn               (no ring)
MPRegen 0.12/turn               (no ring)

@: about to teleport, slowed, very slow
A: no striking features
a: no special abilities


You were on level 2 of the Dungeon.
You visited 1 branch of the dungeon, and saw 2 of its levels.

You collected 43 gold pieces.

Inventory:

Missiles
 g - a throwing net
Armour
 a - a +0 robe (worn)
 h - a +0 pair of boots (worn)


   Skills:
 + Level 2.7 Dodging
 + Level 2.7 Stealth
 + Level 3.9 Spellcasting
 + Level 5.3 Ice Magic


You had 5 spell levels left.
You knew the following spells:

 Your Spells              Type           Power      Damage    Failure   Level
a - Freeze                Ice            96%        1d11      1%          1
b - Frozen Ramparts       Ice            48%        1d6       4%          3

Your spell library contained the following spells:

 Spells                   Type           Power      Damage    Failure   Level
 Ozocubu's Armour         Ice            24%        N/A       4%          3
 Hailstorm                Conj/Ice       13%        3d5       43%         4


Dungeon Overview and Level Annotations

Branches:
Dungeon (2/15)

Altars:

Annotations:
D:2 Jessica


Message History

The wall freezes Jessica.
Casting: Freeze (safe; 1% risk of failure)
Confirm with . or Enter, or press ? or * to list all spells.
Aiming: Freeze (safe; 1% risk of failure)
Press: ? - help, Shift-Dir - straight line, f - Jessica
Aim: Jessica, wielding a +0 dagger and wearing a +0 robe (moderately wounded, fast)
You freeze Jessica.
Jessica is severely wounded.
The frozen ramparts melt away.
Jessica closely misses you.
Casting: Freeze (safe; 1% risk of failure)
Confirm with . or Enter, or press ? or * to list all spells.
Aiming: Freeze (safe; 1% risk of failure)
Press: ? - help, Shift-Dir - straight line, f/p - Jessica
Aim: Jessica, wielding a +0 dagger and wearing a +0 robe (severely wounded, fast)
You freeze Jessica.
Jessica is almost dead.
Jessica hits you with a +0 dagger. x2
Casting: Freeze (safe; 1% risk of failure)
Confirm with . or Enter, or press ? or * to list all spells.
Aiming: Freeze (safe; 1% risk of failure)
Press: ? - help, Shift-Dir - straight line, f/p - Jessica
Aim: Jessica, wielding a +0 dagger and wearing a +0 robe (almost dead, fast)
You freeze Jessica.
Jessica is almost dead.
Jessica casts a spell at you. Pain shoots through your body!
It was a potion of attraction.
You feel attractive to monsters. Jessica gestures at you while chanting.
You barely resist. Jessica hits you with a +0 dagger.
* * * LOW HITPOINT WARNING * * *
It was a potion of cancellation.
Your magical effects are unravelling.
You feel magically purged. Jessica casts a spell at you.
You feel yourself slow down.
You feel less attractive to monsters.
As you read the scroll labelled QETAOKK DACH, it crumbles to dust.
You feel strangely unstable.
It was a scroll of teleportation.
Jessica closely misses you. Jessica hits you with a +0 dagger.
You die...

#....).†.#..#
#.######.#..# #.# #.#...
#.# #.#.## # #.# #.#...
#.#########.######.#.##
###............#.........
.......######..#.###.....
......g@@......# ...#...
.......#####...# #.#.#.#.
....... #...# #.#.#...
.$..... #...# # #.###.


PP..... #...# #.. . P...... #...# ## .....J. #...# .P..<.. ....# You could see
Jessica (fast) and a hobgoblin.

Vanquished Creatures
  Natasha (D:2)
  A ball python (D:1)
  4 bats
  6 endoplasms
  3 giant cockroaches (D:1)
  A goblin (D:1)
  3 hobgoblins (D:1)
  2 jackals (D:2)
  3 kobolds
  4 rats
28 creatures vanquished.

Vanquished Creatures (others)
  8 fungi (D:2)
  5 plants (D:2)
13 creatures vanquished.

Grand Total: 41 creatures vanquished

Notes
Turn   | Place    | Note
-------+----------+-------------------------------------------
     0 | D:1      | hawla the Deep Elf Ice Elementalist began the quest for the
                  | Orb.
     0 | D:1      | Reached XP level 1. HP: 10/10 MP: 6/6
   500 | D:1      | Reached XP level 2. HP: 15/15 MP: 4/8
   607 | D:1      | Reached skill level 5 in Ice Magic
  1505 | D:2      | Reached XP level 3. HP: 19/19 MP: 5/9
  1509 | D:2      | Learned a level 3 spell: Frozen Ramparts
  1554 | D:2      | Noticed Jessica
  1717 | D:2      | Noticed Natasha
  1722 | D:2      | Killed Natasha
  1740 | D:2      | Slain by Jessica

Illustrated notes

Levels and vault maps discovered:
D:1:      minmay_arrival_stair_chambers, layout_basic, minmay_close_crescents
D:2:      layout_basic, dreamdust_ecumenical_altar_grove, uniq_natasha,
          uniq_jessica

Skill      XL: |  1  2 |
---------------+-------+-----
Ice Magic      | 5 |  5.3
Dodging        | |  2.7
Stealth        | |  2.7
Spellcasting   | |  3.9

Action                   || total
-------------------------++-------
Melee: Unarmed           ||     7
       Punch             ||     1
 Cast: Freeze            ||    40
       Frozen Ramparts   ||     2
  Use: Scroll            ||     5
       Potion            ||     2
Armor: Robe              ||    10
Dodge: Dodged            ||    28
